Map: Prion Terraces

Players

Gracz

  • Race: Terran Terran

Hop - Winner!

  • Race: Protoss Protoss

VOD

Have the link to the VOD?

Description

Time

  • Played on: April 27, 2016, 8:57 a.m.
  • Length: 8:45
Show
View Real Time Build Order
Export as new Build Order

Gracz Terran 

Build Orders:  

Get SALT Encoding   

  12  0:21  SCV  
  13  0:47  Command Center  
  1  8:33  Supply Depot  
Show
View Real Time Build Order
Export as new Build Order

Hop Protoss - Winner!

Build Orders: 1 Gate Expand 

Get SALT Encoding   

  12  0:02  Probe (Chrono Boost)  
  13  0:12  Probe (Chrono Boost)  
  14  0:18  Pylon  
  14  0:23  Probe (Chrono Boost)  
  15  0:37  Probe (Chrono Boost), Gateway  
  16  0:47  Assimilator, Probe (Chrono Boost)  
  17  0:58  Probe (Chrono Boost)  
  18  1:08  Probe (Chrono Boost)  
  19  1:19  Probe (Chrono Boost)  
  20  1:31  Probe (Chrono Boost)  
  21  1:36  Cybernetics Core  
  21  1:41  Probe (Chrono Boost)  
  21  1:42  Nexus  
  22  1:49  Pylon  
  23  1:54  Probe (Chrono Boost)  
  23  2:06  Assimilator  
  23  2:10  Probe (Chrono Boost)  
  23  2:13  Warp Gate (Chrono Boost)  
  24  2:15  Stalker  
  24  2:22  Probe  
  27  2:34  Probe  
  28  2:40  Robotics Facility  
  28  2:46  Probe  
  29  2:56  Probe  
  30  2:58  Probe  
  30  3:04  Gateway  
  31  3:07  Gateway  
  31  3:10  Probe  
  33  3:13  Mothership Core (Chrono Boost)  
  34  3:22  Probe (Chrono Boost)  
  35  3:29  Warp Prism  
  35  3:34  Probe (Chrono Boost)  
  38  3:35  Probe (Chrono Boost)  
  39  3:41  Twilight Council  
  39  3:47  Probe x2 (Chrono Boost)  
  41  3:58  Probe x2 (Chrono Boost)  
  41  4:01  Pylon  
  43  4:04  Pylon  
  43  4:10  Gateway  
  43  4:15  Gateway  
  43  4:18  Gateway  
  43  4:34  Stalker x2  
  43  4:37  Stalker  
  49  4:44  Probe x2 (Chrono Boost)  
  51  4:48  Resonating Glaives  
  51  4:51  Pylon  
  51  4:53  Pylon  
  51  5:07  Probe x2 (Chrono Boost)  
  53  5:15  Stargate  
  53  5:16  Stargate  
  53  5:18  Probe x2 (Chrono Boost)  
  55  5:23  Assimilator  
  55  5:25  Assimilator  
  56  5:28  Probe (Chrono Boost)  
  56  5:33  Zealot  
  56  5:34  Zealot x5  
  68  5:47  Probe x2 (Chrono Boost)  
  70  6:00  Zealot  
  70  6:01  Zealot  
  74  6:12  Zealot  
  74  6:15  Nexus  
  74  6:17  Probe x2 (Chrono Boost)  
  74  6:18  Pylon x2  
  78  6:20  Pylon  
  78  6:21  Pylon  
  78  6:36  Phoenix x2  
  82  6:42  Zealot  
  84  6:49  Probe x2 (Chrono Boost)  
  86  7:00  Phoenix (Chrono Boost)  
  86  7:01  Probe x2 (Chrono Boost), Phoenix (Chrono Boost)  
  90  7:02  Stargate  
  90  7:03  Stargate  
  90  7:08  Assimilator  
  92  7:10  Assimilator  
  92  7:12  Zealot x5  
  102  7:29  Pylon  
  102  7:30  Pylon  
  102  7:32  Pylon  
  102  7:34  Pylon  
  102  7:44  Phoenix x2 (Chrono Boost)  
  106  8:03  Phoenix x2 (Chrono Boost)  
  114  8:07  Phoenix x2 (Chrono Boost)  
  114  8:09  Pylon  
  114  8:22  Probe x2  
Tags
 
Add a new tag
Caveats
  • Supply blocks, unpowered buildings, or Contaminate may cause inaccurate times.
  • Supply counts are checked every 10 seconds.